 Dungeon Crawl Stone Soup version 0.29-a0-103-g37f86683bf (webtiles) character file.

Game seed: 8139982063912468970

206 kae the Ruffian (level 5, 0/41 HPs)
             Began as a Draconian Transmuter on Feb 15, 2022.
             Slain by Duvessa (18 damage)
             ... on level 4 of the Dungeon.
             The game lasted 00:01:45 (4125 turns).

kae the Ruffian (Draconian Transmuter)              Turns: 4125, Time: 00:01:46

Health: 0/41       AC:  2    Str: 12    XL:     5   Next: 53%
Magic:  6/8        EV: 19    Int: 16    God:
Gold:   149        SH:  0    Dex: 16    Spells: 5/9 levels left

rFire   . . .      SeeInvis .     - Unarmed
rCold   . . .      Faith    .   (shield currently unavailable)
rNeg    . . .      Spirit   .   (armour unavailable)
rPois   x          Reflect  .   (helmet currently unavailable)
rElec   .          Harm     .   (cloak currently unavailable)
rCorr   .          Rampage  .   (gloves currently unavailable)
Will    .....                   (boots currently unavailable)
Stlth   +.........              (no amulet)
HPRegen 0.13/turn               (no ring)
MPRegen 0.11/turn               (no ring)

@: lit by a corona, spider-form (expiring), glowing
A: venomous fangs, AC +5, tiny, unfitting armour, (cold-blooded)
a: End Transformation


You were on level 4 of the Dungeon.
You were a venomous arachnid creature.
You visited 1 branch of the dungeon, and saw 4 of its levels.

You collected 149 gold pieces.

Inventory:

Wands
 g - a wand of flame (15)
Scrolls
 b - a scroll of fog
 e - 2 scrolls of identify
Potions
 a - a potion of lignification
 c - 2 potions of heal wounds
 d - 2 potions of might
 f - 2 potions of flight


   Skills:
 + Level 2.1 Fighting
 + Level 2.4 Dodging
 * Level 4.1 Unarmed Combat
 + Level 2.6 Spellcasting
 * Level 3.3 Transmutations
 * Level 1.7 Poison Magic


You had 5 spell levels left.
You knew the following spells:

 Your Spells              Type           Power      Damage    Failure   Level
a - Beastly Appendage     Tmut           24%        N/A       14%         1
b - Spider Form           Tmut/Pois      10%        N/A       41%         3

Your spell library contained the following spells:

 Spells                   Type           Power      Damage    Failure   Level
 Wereblood                Tmut           12%        N/A       21%         2
 Slow                     Hex            8%         N/A       41%         1
 Confusing Touch          Hex            2%         N/A       73%         3
 Vampiric Draining        Necr           2%         2d6       73%         3
 Ice Form                 Ice/Tmut       7%         N/A       86%         4


Dungeon Overview and Level Annotations

Branches:
Dungeon (4/15)
 Temple: D:4-7

Altars:
Yredelemnul

Annotations:
D:4 Dowan, Duvessa


Innate Abilities, Weirdness & Mutations

You are a venomous arachnid creature.
You have poisonous fangs.
You are tiny and dextrous.
Your spellcasting is less reliable in this form.
Your armour is entirely melded.
You are incapable of wielding weapons or throwing items.
((Your plain brown scales are hard. (AC +5)))
You cannot fit into any form of body armour.
((You are cold-blooded and may be slowed by cold attacks.))


Message History

You barely miss Duvessa.
Duvessa is lightly wounded.
Duvessa hits you with a +0 short sword. Duvessa hits you with a +0 short sword!
You hit Duvessa but do no damage.
Duvessa is lightly wounded.
Duvessa misses you. Duvessa closely misses you.
You climb upwards.
Your transformation is almost over.
There is a stone staircase leading down here.
You start resting.
Your transformation has ended.
You start resting.
Magic restored.
HP restored.
Casting: Spider Form (quite dangerous; 21% risk of failure)
Confirm with . or Enter, or press ? or * to list all spells.
The spell is quite dangerous to miscast (21% risk of failure)!
Continue anyway? [Y]es or [N]o only, please.
The spell is quite dangerous to miscast (21% risk of failure)!
Continue anyway?
You turn into a venomous arachnid creature.
You climb downwards.
Level annotation: Dowan, Duvessa Duvessa barely misses you.
Duvessa hits you with a +0 short sword.
There is a stone staircase leading up here.
Duvessa drinks a potion.
Duvessa goes berserk!
Dowan barely misses you.
Duvessa rages.
Dowan casts a spell at you.
You are outlined in light.
Duvessa hits you with a +0 short sword! Dowan completely misses you.
Duvessa rages.
Dowan mumbles some strange words.
Dowan blinks!
Duvessa barely misses you.
Your transformation is almost over.
Duvessa barely misses you.
Duvessa rages.
Unknown command.
Dowan hits you with a +0 dagger.
Duvessa hits you with a +0 short sword!!
You die...

#.#### ##############.#
#..............#
#.#####........#
#.#[...........#
#.#.##########.##########
#.#>.................ยง...
#.#......#.###.##########
#.#.####s#.# #.# #
#.......ee.###.##########
##.......................
#...[.........##########
#.......................
#...............[.......
#.......................
###...##................
###.##................


You could see Duvessa (berserk) and Dowan.

Vanquished Creatures
  A hound (D:4)
  Natasha (thrice) (D:3)
  A hound zombie (D:3)
  4 adders
  2 worms (D:2)
  2 dart slugs
  8 endoplasms
  3 goblins
  2 hobgoblins (D:2)
  5 kobolds
  A quokka (D:4)
  3 ball pythons
  3 bats (D:2)
  4 frilled lizards
  7 rats
49 creatures vanquished.

Vanquished Creatures (others)
  A plant (D:1)
  5 withered plants (D:1)
6 creatures vanquished.

Grand Total: 55 creatures vanquished

Notes
Turn   | Place    | Note
-------+----------+-------------------------------------------
     0 | D:1      | kae the Draconian Transmuter began the quest for the Orb.
     0 | D:1      | Reached XP level 1. HP: 16/16 MP: 3/3
    83 | D:1      | Found a faded altar of an unknown god.
   578 | D:1      | Reached XP level 2. HP: 23/23 MP: 3/5
  1239 | D:2      | Reached XP level 3. HP: 12/28 MP: 6/6
  1262 | D:2      | Learned a level 3 spell: Spider Form
  2246 | D:3      | Reached XP level 4. HP: 36/36 MP: 7/7
  2346 | D:3      | Reached skill level 1 in Poison Magic
  2712 | D:3      | Noticed Natasha
  2720 | D:3      | Killed Natasha
  2805 | D:3      | Noticed Natasha
  2813 | D:3      | Killed Natasha
  2814 | D:3      | Reached XP level 5. HP: 41/41 MP: 4/8
  3099 | D:3      | Noticed Natasha
  3111 | D:3      | Killed Natasha
  3112 | D:3      | Reached skill level 4 in Unarmed Combat
  3875 | D:4      | Found a basalt altar of Yredelemnul.
  3880 | D:4      | Noticed Duvessa
  3880 | D:4      | Noticed Dowan
  4125 | D:4      | Slain by Duvessa

Illustrated notes

Levels and vault maps discovered:
D:1:      lightli_arrival_chessboard, layout_rooms,
          shapermc_ecumenical_altar_flowoftime
D:2:      layout_basic, chequers_decorated_corner
D:3:      layout_loops_ring, uniq_natasha
D:4:      layout_basic, mainiacjoe_overflow_brackets, uniq_duvessa

Skill      XL: |  1  2  3  4  5 |
---------------+----------------+-----
Dodging        | 2 |  2.4
Poison Magic   | 1 |  1.7
Transmutations | 3 |  3.3
Fighting       | 2 |  2.1
Unarmed Combat | 4 |  4.1
Spellcasting   | |  2.6

Action                   |  1- 3 |  4- 6 || total
-------------------------+-------+-------++-------
Melee: Unarmed           |   133 |    51 ||   184
       Tailslap          |    19 |     3 ||    22
       Kick              |    15 |     7 ||    22
       Headbutt          |     8 |     7 ||    15
       Punch             |     3 |     1 ||     4
 Cast: Beastly Appendage |    20 |     8 ||    28
       Spider Form       |       |     3 ||     3
  Use: Scroll            |     6 |     1 ||     7
 Stab: Sleeping          |       |     1 ||     1
Armor: Skin              |    30 |    12 ||    42
Dodge: Dodged            |    61 |    33 ||    94

Table legend: (Time is in decaauts)
 A = Elapsed time spent in this place.
 B = Non-inter-level travel time spent in this place.
 C = Inter-level travel time spent in this place.
 D = Time resting spent in this place.
 E = Time spent auto-exploring this place.
 F = Levels seen in this place.
 G = Mean time per level.
                   A        B        C        D        E       F      G
               +--------+--------+--------+--------+--------+-----+--------+
         Total |   4131 |   4062 |     69 |    341 |   3216 |   4 | 1032.8 |
       Dungeon |   4131 |   4062 |     69 |    341 |   3216 |   4 | 1032.8 |
               +--------+--------+--------+--------+--------+-----+--------+

Top non-repeatable levels by time:
     D:3: 1606 daAuts
     D:2: 1389 daAuts
     D:1: 767 daAuts
     D:4: 368 daAuts
